 Dungeon Crawl Stone Soup version 0.28-b1-25-g9875b3fc8c (webtiles) character file.

Game seed: 11190009025669348195

49 sanka the Magician (level 3, 0/18 (20) HPs)
             Began as a Deep Elf Transmuter on Feb 7, 2022.
             Succumbed to an adder's poison
             ... on level 2 of the Dungeon.
             The game lasted 00:02:54 (2263 turns).

sanka the Magician (Deep Elf Transmuter)            Turns: 2263, Time: 00:02:55

HP:   0/18 (20)     AC:  3    Str:  7    XL:     3   Next: 53%
MP:   11/11         EV: 12    Int: 19    God:
Gold: 85            SH:  0    Dex: 15    Spells: 8/12 levels left

rFire   . . .      SeeInvis .   l - +1 dagger (drain)
rCold   . . .      Faith    .   (no shield)
rNeg    . . .      Spirit   .   a - +0 robe
rPois   .          Reflect  .   (no helmet)
rElec   .          Harm     .   h - +0 cloak
rCorr   .          Rampage  .   (no gloves)
Will    .....                   (no boots)
Stlth   +.........              (no amulet)
HPRegen 0.06/turn               (no ring)
MPRegen 0.12/turn               (no ring)

@: lethally poisoned (0 -> -6), heavily drained
A: no striking features
a: no special abilities


You were on level 2 of the Dungeon.
You visited 1 branch of the dungeon, and saw 4 of its levels.

You collected 85 gold pieces.

Inventory:

Hand Weapons
 l - a +1 dagger of draining (weapon)
Armour
 a - a +0 robe (worn)
 h - a +0 cloak (worn)
Jewellery
 i - a ring of resist corrosion
 k - a +6 ring of intelligence
Scrolls
 b - 3 scrolls of identify {unknown}
 d - a scroll of silence {unknown}
 e - a scroll of blinking {unknown}
 f - a scroll of teleportation {unknown}
 g - 2 scrolls of enchant armour {unknown}
 j - a scroll of enchant weapon {unknown}


   Skills:
 - Level 0.7 Fighting
 - Level 2.4 Dodging
 - Level 2.4 Unarmed Combat
 + Level 5.1 Spellcasting
 + Level 2.4 Transmutations
 + Level 0.8 Poison Magic


You had 8 spell levels left.
You knew the following spells:

 Your Spells              Type           Power      Damage    Failure   Level
a - Beastly Appendage     Tmut           28%        N/A       4%          1
b - Spider Form           Tmut/Pois      11%        N/A       19%         3

Your spell library contained the following spells:

 Spells                   Type           Power      Damage    Failure   Level
 Wereblood                Tmut           14%        N/A       7%          2
 Ice Form                 Ice/Tmut       9%         N/A       58%         4


Dungeon Overview and Level Annotations

Branches:
Dungeon (4/15)
 Temple: D:4-7

Altars:
Dithmenos

Annotations:
D:3 Natasha
D:4 Sigmund


Message History

The adder bites you.
You are poisoned.
The adder poisons you!
You closely miss the adder.
The adder is heavily wounded.
You feel sick. The adder bites you. The adder closely misses you.
You hit the adder but do no damage.
The adder is heavily wounded.
* * * LOW HITPOINT WARNING * * *
You feel sick. The adder barely misses you.
Unknown command.
It was a potion of heal wounds.
You feel much better.
You feel sick. The adder bites you.
You are more poisoned.
The adder poisons you!
You hit the adder but do no damage.
The adder is heavily wounded.
You feel sick. The adder closely misses you. x2
You closely miss the adder.
The adder is heavily wounded.
You feel sick. The adder misses you.
You hit the adder but do no damage.
The adder is heavily wounded.
You feel sick. The adder bites you.
Unknown command.
You closely miss the adder.
The adder is heavily wounded.
You feel sick. The adder bites you.
* * * LOW HITPOINT WARNING * * *
You are more poisoned.
The adder poisons you! The adder barely misses you.
Unknown command.
You miss the adder.
The adder is heavily wounded.
* * * LOW HITPOINT WARNING * * *
You feel sick. The adder completely misses you.
Unknown command.
You closely miss the adder.
The adder is heavily wounded.
You die...

..........#.....#
#.......###########
..........<.......#
...#..##..........#
......######......######
..........##............
.>....###...............
.......####.............
.....### ##....@S......
.....# #............
.....# ########.....
.....# ..... .....# ....
###### .. .


You could see an adder.

Vanquished Creatures
  An adder (D:2)
  A worm (D:2)
  A dart slug (D:1)
  A ball python (D:1)
  4 endoplasms
  4 giant cockroaches
  3 goblins
  6 hobgoblins
  2 jackals (D:1)
  3 kobolds
  A quokka (D:1)
  A bat (D:2)
  A frilled lizard (D:1)
  A rat (D:1)
30 creatures vanquished.

Notes
Turn   | Place    | Note
-------+----------+-------------------------------------------
     0 | D:1      | sanka the Deep Elf Transmuter began the quest for the Orb.
     0 | D:1      | Reached XP level 1. HP: 11/11 MP: 6/6
   124 | D:1      | Reached skill level 4 in Spellcasting
   124 | D:1      | Reached XP level 2. HP: 14/16 MP: 9/9
  1493 | D:2      | Reached XP level 3. HP: 15/20 MP: 11/11
  1570 | D:2      | Learned a level 3 spell: Spider Form
  1590 | D:2      | Reached skill level 5 in Spellcasting
  1636 | D:2      | Found a faded altar of an unknown god.
  2048 | D:2      | You fall into a shaft and drop 2 floors!
  2051 | D:4      | Noticed Sigmund
  2115 | D:3      | Found a shadowy altar of Dithmenos.
  2168 | D:3      | Noticed Natasha
  2263 | D:2      | Succumbed to an adder's poison

Illustrated notes

Levels and vault maps discovered:
D:1:      minmay_arrival_nine_rooms, layout_loops_ring, kennysheep_minor_cross,
          minmay_hedge_maze, minmay_misc_feat_chi
D:2:      layout_rooms, hellmonk_ecumenical_altar_arch_garden
D:3:      layout_basic, grunt_dithmenos_smoke, mainiacjoe_overflow_catwalk,
          minmay_quadrilaterals, uniq_natasha
D:4:      layout_rooms, cheibrodos_worm_habitat, portal_sewer_entry_a,
          kennysheep_generic_room_2, uniq_blork_the_orc, uniq_sigmund,
          uniq_grinder

Skill      XL: |  1  2  3 |
---------------+----------+-----
Spellcasting   | 4 5 |  5.1
Fighting       | |  0.7
Dodging        | |  2.4
Unarmed Combat | |  2.4
Transmutations | |  2.4
Poison Magic   | |  0.8

Action                   || total
-------------------------++-------
Melee: Unarmed           ||    74
       Kick              ||    16
       Headbutt          ||    12
       Punch             ||     3
       Dagger            ||    15
 Cast: Beastly Appendage ||    17
       Spider Form       ||     2
  Use: Potion            ||     1
Armor: Robe              ||    16
       Skin              ||     1
Dodge: Dodged            ||    62
